 Dungeon Crawl Stone Soup version 0.22-a0-775-ga7d80019b5 (webtiles) character file.

146868 Htamos the Eclecticist (level 16, -13/89 HPs)
             Began as a Deep Elf Conjurer on July 18, 2018.
             Was a High Priest of Ashenzari.
             Killed from afar by a thorn hunter (37 damage)
             ... with a volley of thorns
             ... on level 4 of the Swamp.
             The game lasted 02:56:00 (63354 turns).

Htamos the Eclecticist (Deep Elf Conjurer)         Turns: 63354, Time: 02:56:01

Health: -13/89     AC: 20    Str:  5    XL:     16   Next: 90%
Magic:  12/41      EV: 12    Int: 42    God:    Ashenzari [*****.]
Gold:   654        SH:  0    Dex: 18    Spells: 4/47 levels left

rFire    + . .     SeeInvis +   U - +7 great sword of the Open Hand {slice, *Corrode +Blink rF+ Int+9}
rCold    . . .     Gourm    .   (shield currently unavailable)
rNeg     . . .     Faith    .   k - +5 scale mail of Patience {+Fly} (curse)
rPois    .         Spirit   .   x - +0 helmet of Shadows and Fog {rElec rF- Regen+ Dex+5}
rElec    +         Reflect  .   B - +2 cloak {+Inv} (curse)
rCorr    .         Harm     .   b - +2 pair of gloves {archery} (curse)
MR       ++...     Clarity  +   (no boots)
Stlth    +++++.....             y - amulet of rage
HPRegen  0.64/turn              a - ring of protection from fire (curse)
MPRegen  0.27/turn              R - +5 ring of intelligence (curse)

@: hasted, very quick
A: clumsy 1, high mp 1, magic resistance 1, sense surroundings 1
a: Curse Item, Scrying, Transfer Knowledge, Renounce Religion, Evoke Blink,
Evoke Berserk Rage, Evoke Invisibility, Evoke Flight


You were on level 4 of the Swamp.
You worshipped Ashenzari.
Ashenzari was extremely pleased with you.
You were not hungry.

You visited 4 branches of the dungeon, and saw 27 of its levels.
You also visited: Ice Cave.

You collected 2504 gold pieces.
You spent 1850 gold pieces at shops.

Inventory:

Hand Weapons
 d - a +1 double sword of holy wrath
 s - a +5 dagger of venom
 v - the +10 rapier of Untimely Demise {freeze, Int+4}
   (You took it off an orc warrior on level 12 of the Dungeon)

   It has been specially enchanted to freeze those struck by it, causing extra
   injury to most foes and up to half again as much damage against particularly
   susceptible opponents.
   It can also slow down cold-blooded creatures.
   It affects your intelligence (+4).
 z - a +0 shortbow
 U - the +7 great sword of the Open Hand (weapon) {slice, *Corrode +Blink rF+ Int+9}
   (You found it on level 1 of the Swamp)

   It inflicts extra damage upon your enemies.
   It affects your intelligence (+9).
   It protects you from fire.
   It lets you blink.
   It may corrode you when you take damage.
 V - the +11 rapier of Exoneration {flame, rC+}
   (You found it on level 3 of the Swamp)

   It has been specially enchanted to burn those struck by it, causing extra
   injury to most foes and up to half again as much damage against particularly
   susceptible opponents.
   It protects you from cold.
Missiles
 l - 1040 arrows
Armour
 b - a cursed +2 pair of gloves of archery (worn)
 k - the cursed +5 scale mail of Patience (worn) {+Fly}
   (You bought it in a shop on level 10 of the Dungeon)

   It lets you fly.
   It has a curse placed upon it.
 w - a +3 leather armour
 x - the +0 helmet of Shadows and Fog (worn) {rElec rF- Regen+ Dex+5}
   (You found it on level 12 of the Dungeon)

   It affects your dexterity (+5).
   It makes you vulnerable to fire.
   It insulates you from electricity.
   It increases your rate of regeneration.
 B - a cursed +2 cloak of invisibility (worn)
 J - a +3 buckler
Magical Staves
 I - an uncursed staff of power
 M - an uncursed staff of energy
 Z - a cursed staff of fire
Jewellery
 a - a cursed ring of protection from fire (left hand)
 y - an amulet of rage (around neck)
 P - the ring "Fohamm" {*Contam rN+ Int+6}
   (You found it on level 2 of the Swamp)

   [ring of positive energy]

   It affects your intelligence (+6).
   It protects you from negative energy.
   It causes magical contamination when unequipped.
 R - a cursed +5 ring of intelligence (right hand)
Wands
 q - a wand of polymorph (26)
 H - a wand of digging (35)
 N - a wand of random effects (21)
 T - a wand of paralysis (13)
Scrolls
 j - 5 scrolls of immolation
 n - 7 scrolls of fog
 u - 4 scrolls of amnesia
 G - 2 scrolls of enchant armour
 L - a scroll of identify
 O - a scroll of silence
Potions
 f - a potion of flight
 h - 5 potions of agility
 i - a potion of brilliance
 m - 3 potions of lignification
 o - 4 potions of curing
 r - 2 potions of resistance
 C - 3 potions of cancellation
 E - 2 potions of berserk rage
 W - 4 potions of might
 Y - a potion of invisibility
Miscellaneous
 t - a lightning rod (4/4)
 A - a phial of floods
 F - a lamp of fire
 S - a lightning rod (4/4)
Comestibles
 c - 17 rations


   Skills:
 - Level 6.2 Fighting
 - Level 4.1(6.6) Armour
 - Level 15.4(17.6) Dodging
 - Level 15.1 Stealth
 - Level 4.8 Shields
 - Level 16.2 Spellcasting
 - Level 13.8(16.0) Conjurations
 - Level 5.1(7.7) Hexes
 + Level 6.7(9.4) Charms
 + Level 6.1(8.8) Fire Magic
 - Level 5.5(8.2) Air Magic
 - Level 12.6(14.9) Evocations


You had 4 spell levels left.
You knew the following spells:

 Your Spells              Type           Power        Failure   Level  Hunger
a - Magic Dart            Conj           ####         1%          1    None
b - Dazzling Spray        Conj/Hex       ######       1%          3    None
c - Iskenderun's Mystic   Conj           ########     1%          4    None
d - Shock                 Conj/Air       ####         1%          1    None
e - Swiftness             Chrm/Air       #######.     1%          2    None
f - Fulminant Prism       Conj/Hex       #######...   1%          4    None
g - Shroud of Golubria    Chrm/Tloc      ######....   2%          2    None
h - Ensorcelled Hibernat  Hex/Ice        ######       3%          2    None
i - Regeneration          Chrm/Necr      ######....   4%          3    None
j - Tukima's Dance        Hex            #######.     1%          3    None
k - Fireball              Conj/Fire      #######...   1%          5    None
l - Apportation           Tloc           #####.       11%         1    None
m - Lightning Bolt        Conj/Air       #######...   2%          5    None
n - Ring of Flames        Chrm/Fire      #######...   94%         7    #......

Your spell library contained the following spells:

 Spells                   Type           Power        Failure   Level  Hunger
 Conjure Flame            Conj/Fire      #######.     1%          3    None
 Confuse                  Hex            #######.     1%          3    None
 Invisibility             Hex            #######.     63%         6    None
 Throw Flame              Conj/Fire      ######       1%          2    None
 Freezing Cloud           Conj/Ice/Air   #######...   54%         6    None
 Mephitic Cloud           Conj/Pois/Air  #######.     1%          3    None
 Summon Small Mammal      Summ           ####         11%         1    None
 Bolt of Draining         Conj/Necr      #######...   12%         5    None
 Animate Skeleton         Necr           N/A          11%         1    None
 Freeze                   Ice            ####         11%         1    None
 Sticky Flame             Conj/Fire      #######.     1%          4    None
 Dispel Undead            Necr           #####...     97%         5    None
 Sublimation of Blood     Necr           #####.....   17%         2    None
 Corpse Rot               Necr           N/A          17%         2    None
 Agony                    Necr           #####...     97%         5    None
 Spider Form              Tmut/Pois      #####.....   32%         3    None
 Blade Hands              Tmut           #####.....   96%         5    None
 Ice Form                 Ice/Tmut       #####...     71%         4    None
 Airstrike                Air            #######...   4%          4    None
 Confusing Touch          Hex            ######       1%          1    None
 Flame Tongue             Conj/Fire      #####        1%          1    None
 Sticks to Snakes         Tmut           #####...     16%         2    None
 Metabolic Englaciation   Hex/Ice        ######....   54%         5    None
 Summon Butterflies       Summ           #####...     11%         1    None
 Static Discharge         Conj/Air       #######.     1%          3    None
 Corona                   Hex            #######      1%          1    None
 Alistair's Intoxication  Tmut/Pois      #####...     96%         5    None
 Simulacrum               Ice/Necr       #####.....   100%        6    None
 Excruciating Wounds      Chrm/Necr      ######....   43%         5    None
 Inner Flame              Hex/Fire       #######.     1%          3    None
 Beastly Appendage        Tmut           #####.       11%         1    None
 Disjunction              Tloc           #####.....   100%        8    ####...
 Force Lance              Conj/Tloc      #######.     4%          4    None
 Infusion                 Chrm           ####         1%          1    None
 Song of Slaying          Chrm           #######.     1%          2    None
 Spectral Weapon          Hex/Chrm       #######.     1%          3    None
 Searing Ray              Conj           ######       1%          2    None
 Lesser Beckoning         Tloc           #####.....   32%         3    None
 Poisonous Vapours        Pois/Air       ######       3%          2    None


Dungeon Overview and Level Annotations

Branches:
Dungeon (15/15) Temple (0/1) D:5 Lair (6/6) D:11 Swamp (4/4) Lair:3 Snake (0/4) Lair:3 Orc (2/2) D:10 Elf (0/3) Orc:2 Vaults (0/5) D:13 D:14 Depths (0/5) D:15 Slime: Lair:5-6

Altars:
Ashenzari
Cheibriados
Elyvilon
Fedhas
Gozag
Kikubaaqudgha
Okawaru
Qazlal
Sif Muna
Trog
Uskayaw
Vehumet
Xom
Yredelemnul
Beogh

Shops:
D:10 [   Orc:2 :=**[:((*

Annotations:
D:4 Duvessa
D:10 exclusion: door


Innate Abilities, Weirdness & Mutations

You are clumsy. (Dex -2)
You have an increased reservoir of magic. (+10% MP)
You are resistant to hostile enchantments. (MR+)
You passively map a small area around you.


Message History

The thorn hunter hits you.
* * * LOW HITPOINT WARNING * * *
The thorn hunter hits you.
* * * LOW HITPOINT WARNING * * *
You feel yourself speed up.
Your mature batsting beast hits the eight-headed hydra!
Your mature batsting beast stings the eight-headed hydra.
The eight-headed hydra looks as sick as possible!
Your mature batsting beast poisons the eight-headed hydra!
The eight-headed hydra bites you but does no damage. x2
The eight-headed hydra bites you!
* * * LOW HITPOINT WARNING * * *
The eight-headed hydra bites you.
* * * LOW HITPOINT WARNING * * *
The eight-headed hydra closely misses you. x2
The eight-headed hydra completely misses you.
The eight-headed hydra bites you but does no damage.
The thorn hunter fires a volley of thorns at you.
The volley of thorns hits you!
You die...

, ,
.............≈.≈≈....♣♣... ≈
, ≈
,..≈.≈....≈..≈.§..≈..≈≈♣≈.≈
, ≈
≈≈≈....≈.≈..≈≈≈.[♣♣≈..♣♣§♣ ,
,
≈≈≈...≈..≈≈≈≈.§..♣♣♣.≈≈.≈≈♣
≈ ,
≈≈§.≈≈...≈.♣.≈♣♣♣♣♣≈≈≈♣≈.≈
,≈
,,...........≈.≈≈♣♣♣.≈♣≈.♣..
≈≈
,..≈......≈♣♣.≈.♣≈≈≈...♣♣♣.
,
,,.≈≈≈≈.†.f...♣≈≈....♣...♣.♣
≈, ,
,....≈..HD@.≈≈♣...≈♣♣♣.♣.♣.
*,
...≈≈..†!≈....PP≈.≈♣.♣.♣.♣ ,
≈..≈.......§..PP♣.♣.♣.♣.♣♣
≈≈,
......≈.(.≈≈≈≈PP.♣♣..♣.♣.♣ ,
≈≈,
≈......≈..≈.≈..PP♣§♣.♣♣..♣.
,, ,
...≈......PPPPP♣.♣.♣....♣♣ ,
,,,≈....♣.≈.PP♣P♣P..♣§♣.♣.♣.
,* , .≈...≈♣.≈.≈♣≈♣..
♣♣♣.♣≈♣ ,, ≈, ,, , ,≈,,,≈, ,
≈f♣.* ♣♣♣.


You could see a thorn hunter, an eight-headed hydra and a friendly mature
batsting beast.

Vanquished Creatures
  Agnes (D:15)
  3 thorn hunters (Swamp:4)
  An orc warlord (Orc:2)
  A dire elephant (D:15)
  18 hydras
  Erolcha (Orc:1)
  A ghost crab (Swamp:4)
  A death knight (D:13)
  6 alligators
  5 two-headed ogres
  5 centaur warriors
  A catoblepas (Lair:6)
  A merfolk avatar (Swamp:1)
  5 orc high priests
  Sonja (D:13)
  14 death yaks
  Urug (Orc:1)
  7 unseen horrors
  3 spriggan druids
  9 swamp dragons
  A shambling mangrove (Swamp:4)
  3 orc knights
  2 lindwurms
  A deep elf mage (D:15)
  5 orc sorcerers
  An oklob plant (Lair:5)
  3 wolf spider zombies (D:14)
  5 ugly things
  2 cyclopes (D:15)
  A salamander (D:15)
  5 manticores
  9 elephants
  4 black mambas
  A gargoyle (D:7)
  2 torpor snails
  19 spiny frogs
  4 komodo dragons
  3 rime drakes
  2 ice devils (D:11)
  3 polar bears
  3 trolls
  11 tyrant leeches
  27 blink frogs
  5 dream sheep
  11 bog bodies
  7 hornets
  Prince Ribbit (D:6)
  15 hippogriffs
  39 slime creatures
  2 meliai zombies
  2 shadows
  9 spriggans
  A wyvern (D:13)
  3 hungry ghosts
  A basilisk (D:15)
  47 yaks
  16 humans
  18 insubstantial wisps
  25 vampire mosquitoes
  3 nagas (Lair:3)
  5 wargs
  An acid dragon (D:14)
  A soldier ant (D:10)
  15 swamp worms
  13 water moccasins
  7 porcupines
  38 orc warriors
  12 swamp drakes
  3 phantoms
  3 sky beasts
  A black bear (shapeshifter) (D:13)
  2 ice beasts
  11 ogres
  A necrophage (D:5)
  7 wolves
  3 boggarts (D:15)
  31 centaurs
  9 crocodiles
  A big kobold (D:7)
  11 bullfrogs
  A wyvern zombie (D:9)
  3 scorpions
  50 killer bees
  6 howler monkeys
  4 wights
  2 electric eels
  9 crimson imps
  A quasit (D:12)
  3 centaur zombies
  6 hounds
  6 jellies
  18 orc priests
  4 bullfrog skeletons
  5 centaur skeletons
  Jessica (D:3)
  5 iguanas
  Natasha (thrice) (D:3)
  21 orc wizards
  7 worker ants
  A hound zombie (D:6)
  2 hound skeletons
  A worker ant zombie (D:7)
  12 adders
  5 shadow imps
  3 oozes
  A worm (D:5)
  3 dart slugs
  7 leopard geckos
  86 orcs
  3 ball pythons
  8 giant cockroaches
  4 goblins
  6 hobgoblins
  4 jackals (D:9)
  11 kobolds
  4 quokkas
  4 bats
  13 frilled lizards
  A jackal skeleton (D:5)
  A jackal zombie (D:6)
  A quokka skeleton (D:7)
  5 rats
  A briar patch (Swamp:4)
  2 fungi
926 creatures vanquished.

Vanquished Creatures (collateral kills)
  The ghost of Denreik the Protected, a novice FoFi of Cheibriados (D:12)
  2 spriggans (Swamp:2)
  A manticore (D:15)
  A spiny frog (Swamp:4)
  2 hornets
  A slime creature (D:13)
  3 insubstantial wisps (Swamp:1)
  An acid dragon (D:13)
  A swamp worm (Swamp:1)
  A water moccasin (Lair:4)
  A phantom (D:13)
  2 centaurs (D:13)
  A killer bee (Lair:4)
  An orc wizard (D:14)
19 creatures vanquished.

Vanquished Creatures (others)
  A dancing weapon (Swamp:2)
  A two-headed ogre (D:13)
  A centaur zombie (D:11)
  2 yaks (D:13)
  A centaur (D:13)
  20 fungi
  17 plants
43 creatures vanquished.

Grand Total: 988 creatures vanquished

Notes
Turn   | Place    | Note
-------+----------+-------------------------------------------
     0 | D:1      | Htamos the Deep Elf Conjurer began the quest for the Orb.
     0 | D:1      | Reached XP level 1. HP: 10/10 MP: 6/6
   137 | D:1      | Reached XP level 2. HP: 15/15 MP: 0/8
   747 | D:1      | Reached XP level 3. HP: 19/19 MP: 7/10
  1340 | D:2      | Found a hide-covered altar of Uskayaw.
  1432 | D:2      | Found a shattered altar of Ashenzari.
  1432 | D:2      | Found an ancient bone altar of Kikubaaqudgha.
  1452 | D:2      | Became a worshipper of Ashenzari the Shackled
  1762 | D:3      | Reached XP level 4. HP: 24/24 MP: 9/11
  1784 | D:3      | Reached skill level 4 in Spellcasting
  1784 | D:3      | Noticed Jessica
  1791 | D:3      | Killed Jessica
  1791 | D:3      | Reached skill level 5 in Conjurations
  2420 | D:3      | Reached XP level 5. HP: 28/28 MP: 4/13
  2847 | D:3      | Reached skill level 1 in Evocations
  2887 | D:4      | Reached * piety under Ashenzari
  2910 | D:4      | Found a blossoming altar of Fedhas.
  3092 | D:4      | Found a radiant altar of Vehumet.
  3137 | D:4      | Found an iron altar of Okawaru.
  3390 | D:4      | Noticed a phantom
  3408 | D:4      | Killed a phantom
  3408 | D:4      | Reached skill level 5 in Spellcasting
  3408 | D:4      | Reached XP level 6. HP: 14/32 MP: 2/15
  3623 | D:4      | Learned a level 3 spell: Dazzling Spray
  3628 | D:4      | Learned a level 4 spell: Iskenderun's Mystic Blast
  3632 | D:4      | Found an iron altar of Okawaru.
  3691 | D:4      | Noticed Natasha
  3698 | D:4      | Noticed Duvessa
  3701 | D:3      | Killed Natasha
  3878 | D:3      | Noticed Natasha
  3888 | D:3      | Killed Natasha
  4093 | D:3      | Noticed Natasha
  4097 | D:3      | Killed Natasha
  4171 | D:4      | Noticed an acid dragon
  4171 | D:4      | an ogre changed into an acid dragon
  4555 | D:5      | Entered Level 5 of the Dungeon
  4858 | D:5      | Reached skill level 5 in Stealth
  4858 | D:5      | Reached XP level 7. HP: 36/36 MP: 4/17
  5004 | D:5      | Reached skill level 5 in Dodging
  5015 | D:5      | Learned a level 1 spell: Shock
  5018 | D:5      | Learned a level 2 spell: Swiftness
  5377 | D:5      | Found a blossoming altar of Fedhas.
  5658 | D:5      | Reached skill level 6 in Spellcasting
  6020 | D:5      | Found a staircase to the Ecumenical Temple.
  6367 | D:6      | Reached XP level 8. HP: 40/40 MP: 14/19
  7151 | D:6      | Found a snail-covered altar of Cheibriados.
  7156 | D:6      | Found a deep blue altar of Sif Muna.
  7163 | D:6      | Reached skill level 7 in Spellcasting
  7458 | D:6      | Noticed Prince Ribbit
  7461 | D:6      | Killed Prince Ribbit
  7853 | D:7      | Reached skill level 5 in Evocations
  7921 | D:7      | Reached XP level 9. HP: 44/44 MP: 14/22
  8069 | D:7      | Reached ** piety under Ashenzari
  8142 | D:7      | Found a basalt altar of Yredelemnul.
  8144 | D:7      | Found an opulent altar of Gozag.
  8149 | D:7      | Found a white marble altar of Elyvilon.
  8152 | D:7      | Found a shimmering altar of Xom.
  8582 | D:7      | Reached skill level 8 in Spellcasting
  8797 | D:7      | Noticed a gargoyle
  8802 | D:7      | Killed a gargoyle
 10072 | D:8      | Found a bloodstained altar of Trog.
 10285 | D:8      | Reached skill level 9 in Spellcasting
 10837 | D:8      | Reached XP level 10. HP: 49/49 MP: 12/25
 12066 | D:9      | Noticed a two-headed ogre
 12072 | D:9      | Killed a two-headed ogre
 12853 | D:9      | Reached skill level 10 in Spellcasting
 13349 | D:10     | Entered Level 10 of the Dungeon
 14160 | D:10     | Found a staircase to the Orcish Mines.
 14239 | D:10     | Reached skill level 10 in Stealth
 14804 | D:9      | Reached XP level 11. HP: 53/53 MP: 2/27
 14939 | D:10     | Found Tamiut's Antique Armour Emporium.
 14960 | D:10     | Bought a pair of glowing gloves for 195 gold pieces
 14972 | D:10     | Bought a pitted scale mail for 234 gold pieces
 14985 | D:10     | Identified the +5 scale mail of Patience {+Fly} (You bought it in a shop on level 10 of the Dungeon)
 15196 | D:10     | Noticed a tengu warrior
 15768 | D:11     | Noticed a two-headed ogre
 15774 | D:11     | Killed a two-headed ogre
 16752 | D:11     | Reached *** piety under Ashenzari
 16854 | D:11     | Noticed a two-headed ogre
 16898 | D:11     | Reached skill level 10 in Dodging
 17000 | D:11     | Found a staircase to the Lair.
 17074 | D:11     | Reached skill level 11 in Spellcasting
 17219 | D:11     | Killed a two-headed ogre
 17219 | D:11     | Reached skill level 10 in Conjurations
 18449 | D:12     | Found a runed gate.
 18449 | D:12     | Found a runed gate.
 18449 | D:12     | Found a runed gate.
 18471 | D:12     | Noticed Denreik's ghost (novice FoFi)
 18888 | D:12     | Noticed a brown ugly thing
 19152 | D:12     | Noticed a white ugly thing
 19397 | Lair:1   | Entered Level 1 of the Lair of Beasts
 19779 | Lair:1   | Found a frozen archway.
 19952 | IceCv    | Entered an ice cave
 20102 | IceCv    | Reached XP level 12. HP: 35/58 MP: 0/29
 21286 | Lair:2   | Reached skill level 12 in Spellcasting
 22686 | Lair:2   | Reached **** piety under Ashenzari
 23152 | Lair:3   | Noticed an eight-headed hydra
 23181 | Lair:2   | Killed an eight-headed hydra
 23181 | Lair:2   | Reached skill level 10 in Evocations
 24193 | Lair:3   | Found a staircase to the Snake Pit.
 25094 | Lair:3   | Noticed a seven-headed hydra
 25523 | Lair:3   | Killed a seven-headed hydra
 25523 | Lair:3   | Reached skill level 13 in Spellcasting
 26286 | Lair:3   | Found a staircase to the Swamp.
 26457 | Lair:3   | Reached XP level 13. HP: 63/63 MP: 3/32
 28584 | Lair:4   | Reached skill level 1 in Shields
 32180 | Lair:4   | HP: 3/63 [poisoned by a spiny frog]
 32188 | Lair:4   | HP: 3/63 [poisoned by a spiny frog]
 33789 | Lair:6   | Entered Level 6 of the Lair of Beasts
 34478 | Lair:6   | Reached skill level 14 in Spellcasting
 35249 | Lair:6   | Reached XP level 14. HP: 68/68 MP: 13/34
 35342 | Lair:6   | Reached ***** piety under Ashenzari
 37991 | Orc:1    | Entered Level 1 of the Orcish Mines
 38190 | Orc:1    | Noticed Erolcha
 38214 | Orc:1    | Killed Erolcha
 38479 | Orc:1    | Noticed Urug
 38487 | Orc:1    | Killed Urug
 38687 | Orc:1    | Paralysed by an orc sorcerer for 2 turns
 38951 | Orc:2    | Entered Level 2 of the Orcish Mines
 39091 | Orc:1    | Reached skill level 1 in Armour
 39417 | Orc:2    | Found Sauw Ulo's Book Shoppe.
 40010 | Orc:1    | Reached skill level 1 in Fighting
 40993 | Orc:2    | Gained mutation: You are weak. (Str -2) [a neqoxec]
 41197 | Orc:2    | Found Lagikkusm's Jewellery Shop.
 41397 | Orc:2    | Found Inolibil's Weapon Shop.
 42194 | Orc:2    | Found Haarrorch's Antique Weapon Shoppe.
 42350 | Orc:2    | Noticed an orc warlord
 42386 | Orc:2    | Killed an orc warlord
 42760 | Orc:2    | Found Jyddej's Antique Armour Shoppe.
 42810 | Orc:2    | Found Cim Viun's Assorted Antiques.
 42812 | Orc:2    | Found a staircase to the Elven Halls.
 42819 | Orc:2    | Bought a scroll labeled UFOTIYXUOD for 34 gold pieces
 42860 | Orc:2    | Found Senuploud's General Store.
 42933 | Orc:2    | Found Liveof's Book Shop.
 43202 | Orc:2    | Found Gosakej's Assorted Antiques.
 43205 | Orc:2    | Bought a scroll of remove curse for 105 gold pieces
 43251 | Orc:2    | Bought a +5 ring of intelligence for 535 gold pieces
 43251 | Orc:2    | Bought an uncursed amulet of guardian spirit for 390 gold pieces
 43251 | Orc:2    | Bought an uncursed ring of poison resistance for 260 gold pieces
 43254 | Orc:2    | Identified the +7 chain mail of the Imp {rF- rN+ Str+4 Int+2} (You took it off a wight on level 7 of the Dungeon)
 43338 | Orc:2    | Bought a scroll of enchant armour for 97 gold pieces
 43467 | D:12     | Learned a level 4 spell: Fulminant Prism
 43470 | D:12     | Learned a level 2 spell: Shroud of Golubria
 43571 | D:12     | Found a stormy altar of Qazlal.
 44019 | D:12     | Found a roughly hewn altar of Beogh.
 44068 | D:12     | Reached skill level 15 in Spellcasting
 44070 | D:12     | Reached skill level 1 in Charms
 44285 | D:12     | Reached skill level 1 in Hexes
 44327 | D:12     | Reached XP level 15. HP: 76/76 MP: 3/36
 45246 | D:12     | Killed Denreik's ghost
 45246 | D:12     | Reached skill level 15 in Stealth
 45418 | D:12     | Identified the +3 scimitar of Jieklit {slice, +Fly rElec MR+++ Int-5} (You took it off an orc warrior on level 12 of the Dungeon)
 45712 | D:12     | Identified the +10 rapier of Untimely Demise {freeze, Int+4} (You took it off an orc warrior on level 12 of the Dungeon)
 45885 | D:12     | Got the uncursed helmet of Shadows and Fog {rElec rF- Regen+ Dex+5}
 45891 | D:12     | Identified the +0 helmet of Shadows and Fog {rElec rF- Regen+ Dex+5} (You found it on level 12 of the Dungeon)
 46358 | D:13     | Noticed Sonja
 46362 | D:13     | Killed Sonja
 47859 | D:14     | Found a gate to the Vaults.
 51476 | D:15     | Entered Level 15 of the Dungeon
 52357 | D:15     | Reached skill level 5 in Charms
 52518 | D:15     | Found a staircase to the Depths.
 52709 | D:15     | Noticed Agnes
 52720 | D:15     | Killed Agnes
 53269 | D:15     | Reached skill level 5 in Hexes
 53738 | D:15     | Learned a level 2 spell: Ensorcelled Hibernation
 53742 | D:15     | Learned a level 3 spell: Regeneration
 53746 | D:15     | Learned a level 3 spell: Tukima's Dance
 53752 | D:15     | Learned a level 5 spell: Fireball
 53754 | D:15     | Learned a level 1 spell: Apportation
 53760 | D:15     | Learned a level 5 spell: Lightning Bolt
 53768 | D:15     | Learned a level 7 spell: Ring of Flames
 54018 | Swamp:1  | Entered Level 1 of the Swamp
 54699 | Swamp:1  | Identified Xouck's Catalogue of Beyond
 54763 | Swamp:1  | Reached skill level 1 in Air Magic
 54991 | Swamp:1  | Identified the +7 great sword of the Open Hand {slice, *Corrode +Blink rF+ Int+9}
 55417 | Swamp:1  | Reached XP level 16. HP: 81/86 MP: 12/37
 55550 | Swamp:2  | Identified the cursed +0 leather armour of Dramatic Exits {Slay+3}
 55611 | Swamp:2  | Lost mutation: You are weak. (Str -2) [potion of mutation]
 55611 | Swamp:2  | Gained mutation: You are resistant to hostile enchantments. (MR+) [potion of mutation]
 55611 | Swamp:2  | Gained mutation: You have an increased reservoir of magic. (+10% MP) [potion of mutation]
 55611 | Swamp:2  | Gained mutation: You are clumsy. (Dex -2) [potion of mutation]
 55611 | Swamp:2  | Gained mutation: You passively map a small area around you. [potion of mutation]
 56339 | Swamp:2  | Reached skill level 5 in Fighting
 56494 | Swamp:2  | Identified the ring "Fohamm" {*Contam rN+ Int+6}
 57487 | Swamp:3  | Reached skill level 16 in Spellcasting
 58786 | Swamp:2  | Reached skill level 5 in Air Magic
 59539 | Swamp:3  | Found a basalt altar of Yredelemnul.
 59544 | Swamp:3  | Got the rapier of Exoneration {flame, rC+}
 60177 | Swamp:4  | Entered Level 4 of the Swamp
 60202 | Swamp:4  | Reached skill level 1 in Fire Magic
 61295 | Swamp:4  | Noticed a thorn hunter
 61570 | Swamp:4  | Noticed a thorn hunter
 61578 | Swamp:4  | Killed a thorn hunter
 61578 | Swamp:4  | Reached skill level 15 in Dodging
 62476 | Swamp:4  | Reached skill level 5 in Fire Magic
 63045 | Swamp:4  | Noticed a thorn hunter
 63052 | Swamp:4  | Killed a thorn hunter
 63230 | Swamp:4  | Killed a thorn hunter
 63339 | Swamp:4  | Noticed a thorn hunter
 63354 | Swamp:4  | Killed from afar by a thorn hunter

Vault maps used:
D:1:      dpeg_arrival_windows_large_door, minmay_misc_feat_columns,
          minivault_11
D:2:      eat_drink_and_be_merry_uskayaw,
          chequers_temple_overflow_statue_of_worship, first_ration
D:3:      minmay_lizard_king, uniq_jessica
D:4:      kb_forest_paths, kennysheep_mini_moat, lemuel_doored_altar,
          lemuel_coloured_pillars_altar, okawaru_ov_weapons_minmay,
          uniq_blork_the_orc, uniq_duvessa, uniq_edmund, uniq_natasha
D:5:      minmay_temple_entry_statues_pillars, basic_altar,
          guppyfry_early_orc_mine
D:6:      cheibriados_altar_1, led_sif_pool, uniq_prince_ribbit1
D:7:      minmay_the_grid_square_5x5_3x3, minitemple
D:8:      basic_altar
D:10:     erik_orc_3, serial_shops, kennysheep_mini, grunt_tengu_nest
D:11:     lair_entry_dummy
D:12:     biasface_ghost_orc_armoury, grunt_qazlal_clouds
D:13:     serial_bayou_pond_a, uniq_sonja
D:14:     david_vaults_3, hangedman_decor_peaks_small, item_on_display_b
D:15:     hangedman_depths_entry_try_elsewhere_first, minmay_crystal_water,
          uniq_agnes
Lair:1:   portal_ice_cave_demonic_guard, grunt_megastairs_4
Lair:3:   cheibrodos_lair_river_kwai, nicolae_swamp_entry_splash_gauntlet,
          guppyfry_snake_entry_island, forest_entry_grove
Lair:4:   wad_woods_minihive, minivault_24
Lair:6:   hangedman_lair_in_review, guppyfry_lair_end_dragon,
          minmay_slime_entry_pillars, nicolae_volcano_entry_two_sided
Swamp:1:  evilmike_swamp_ruin_house_3, swamp_pool3, grunt_lady_of_the_lake,
          infiniplex_staircase_pool
Swamp:2:  nicolae_swamp_orc_logging_accident
Swamp:3:  basic_altar, swamp_pool1
Swamp:4:  swamp_basic_johnstein, nicolae_swamp_dense_foliage
Orc:1:    uniq_urug, uniq_erolcha
Orc:2:    grunt_orc_gardens, grunt_orc_garden, grunt_orc_garden,
          grunt_orc_garden, grunt_orc_garden, serial_shops, shop_fountains,
          shop, shop, shop, shop
IceCv:    ice_cave_caverns_03

Skill      XL: |  1  2  3  4  5  6  7  8  9 10 11 12 13 14 15 16 |
---------------+-------------------------------------------------+-----
Stealth        | 3 4 5 7 8 10 11 12 14 15 | 15.1
Dodging        | 3 4 5 6 8 9 10 12 13 14 15 | 15.4
Spellcasting   | 4 5 6 7 9 10 11 13 14 15 16 | 16.2
Conjurations   | 5 6 7 8 9 10 11 12 13 | 13.8
Evocations     | 1 2 3 5 6 7 9 10 11 12 | 12.6
Shields        | 3 4 |  4.8
Armour         | 2 4 |  4.1
Fighting       | 2 4 6 |  6.2
Charms         | 1 5 6 |  6.7
Hexes          | 1 5 |  5.1
Air Magic      | 2 5 |  5.5
Fire Magic     | 6 |  6.1

Action                   |  1- 3 |  4- 6 |  7- 9 | 10-12 | 13-15 | 16-18 || total
-------------------------+-------+-------+-------+-------+-------+-------++-------
Melee: Staff             |       |       |     3 |     9 |    60 |     9 ||    81
       Great sword       |       |       |       |       |       |    11 ||    11
 Cast: Magic Dart        |    68 |   144 |   296 |   381 |   304 |    83 ||  1276
       Iskenderun's Myst |       |       |    64 |   341 |   982 |   338 ||  1725
       Dazzling Spray    |       |       |       |     1 |     1 |     1 ||     3
       Tukima's Dance    |       |       |       |       |       |     7 ||     7
Invok: Curse Item        |       |       |     1 |     2 |     3 |       ||     6
Evoke: Wand              |       |     4 |     4 |    26 |   139 |    14 ||   187
       Box of beasts     |       |       |       |       |     3 |     1 ||     4
       Lightning rod     |       |       |       |       |     4 |     6 ||    10
       Lamp of fire      |       |       |       |       |     3 |     1 ||     4
       Phial of floods   |       |       |       |       |     1 |       ||     1
  Use: Scroll            |     1 |       |     7 |    19 |    17 |     5 ||    49
       Potion            |       |       |       |     5 |    19 |     3 ||    27
 Stab: Paralysed         |       |       |       |       |    34 |     3 ||    37
       Distracted        |       |       |       |       |     1 |       ||     1
  Eat: Chunk             |     2 |     8 |    15 |    36 |    39 |     6 ||   106
       Ration            |       |       |     2 |     3 |    14 |     6 ||    25
Armor: Robe              |     1 |     1 |       |       |       |       ||     2
       Leather armour    |       |       |    36 |    30 |       |       ||    66
       Scale mail        |       |       |       |   144 |   249 |    81 ||   474
Dodge: Dodged            |     5 |    13 |    79 |   175 |   276 |    93 ||   641
Block: Buckler           |       |       |       |       |   163 |    21 ||   184
       Rpst.: Great sword |       |       |       |       |       |    24 ||    24

Table legend:
 A = Spawn XP
 B = Non-spawn XP
 C = Spawn XP percentage of total XP
 D = Spawn monster count
 E = Non-spawn monster count
 F = Spawn count percentage of total count
 G = Total turns spent on level
                    A         B        C        D         E        F      G
               +---------+---------+-------+---------+---------+-------+---------
         Total |       0 |  209812 |   0.0 |       0 |     945 |   0.0 | 63354
               +---------+---------+-------+---------+---------+-------+---------
           D:1 |       0 |      46 |   0.0 |       0 |      23 |   0.0 |   935
           D:2 |       0 |      50 |   0.0 |       0 |      12 |   0.0 |   826
           D:3 |       0 |     216 |   0.0 |       0 |      35 |   0.0 |  1912
           D:4 |       0 |     236 |   0.0 |       0 |       9 |   0.0 |   882
           D:5 |       0 |     817 |   0.0 |       0 |      23 |   0.0 |  1792
           D:6 |       0 |    1200 |   0.0 |       0 |      25 |   0.0 |  1500
           D:7 |       0 |    2043 |   0.0 |       0 |      33 |   0.0 |  2384
           D:8 |       0 |    1663 |   0.0 |       0 |      22 |   0.0 |  1626
           D:9 |       0 |    2599 |   0.0 |       0 |      20 |   0.0 |  1619
          D:10 |       0 |    3026 |   0.0 |       0 |      39 |   0.0 |  2725
          D:11 |       0 |    7246 |   0.0 |       0 |      37 |   0.0 |  3214
          D:12 |       0 |   10157 |   0.0 |       0 |      49 |   0.0 |  2801
          D:13 |       0 |   15286 |   0.0 |       0 |      66 |   0.0 |  4091
          D:14 |       0 |   11179 |   0.0 |       0 |      35 |   0.0 |  1470
          D:15 |       0 |   14011 |   0.0 |       0 |      36 |   0.0 |  2352
        Lair:1 |       0 |    2163 |   0.0 |       0 |      11 |   0.0 |  1266
        Lair:2 |       0 |    7859 |   0.0 |       0 |      30 |   0.0 |  3463
        Lair:3 |       0 |    9704 |   0.0 |       0 |      41 |   0.0 |  3744
        Lair:4 |       0 |   10047 |   0.0 |       0 |      71 |   0.0 |  4083
        Lair:5 |       0 |   10578 |   0.0 |       0 |      23 |   0.0 |  2410
        Lair:6 |       0 |   19050 |   0.0 |       0 |      45 |   0.0 |  2907
       Swamp:1 |       0 |    9329 |   0.0 |       0 |      33 |   0.0 |  1859
       Swamp:2 |       0 |   11680 |   0.0 |       0 |      38 |   0.0 |  2646
       Swamp:3 |       0 |   12945 |   0.0 |       0 |      37 |   0.0 |  2249
       Swamp:4 |       0 |   29172 |   0.0 |       0 |      58 |   0.0 |  2582
         Orc:1 |       0 |    8869 |   0.0 |       0 |      55 |   0.0 |  3667
         Orc:2 |       0 |    8107 |   0.0 |       0 |      36 |   0.0 |  1761
         IceCv |       0 |     534 |   0.0 |       0 |       3 |   0.0 |   588
               +---------+---------+-------+---------+---------+-------+---------
